Map: Kairos Junction LE

Players

Lambo

  • Race: Zerg Zerg
  • League: Master
  • Spawn Location: 11:00

Elazer - Winner!

  • Race: Zerg Zerg
  • Spawn Location: 5:00

Event: 2019 WCS Winter Europe

VOD

Have the link to the VOD?

Description

Time

  • Played on: March 24, 2019, 9:38 a.m.
  • Length: 10:23

All games in this series

Show
View Real Time Build Order
Export as new Build Order

Lambo Zerg 

Build Orders: Pool First 

Get SALT Encoding   

  12  0:17  Spawning Pool  
  11  0:22  Drone  
  11  0:26  Drone  
  13  0:31  Drone  
  14  0:40  Overlord  
  14  1:03  Zergling x2  
  14  1:04  Zergling x2  
  16  1:05  Zergling x2  
  17  1:12  Spine Crawler  
  17  1:15  Zergling x2  
  17  1:26  Zergling x2  
  18  1:33  Hatchery  
  18  1:37  Drone  
  18  1:50  Queen  
  20  1:58  Overlord  
  20  2:02  Drone  
  21  2:10  Drone  
  22  2:23  Drone  
  22  2:26  Queen  
  24  2:31  Drone  
  23  2:44  Drone  
  23  2:45  Queen  
  23  2:47  Drone  
  27  2:54  Drone  
  27  3:04  Drone x2  
  28  3:06  Drone x2  
  28  3:08  Drone  
  28  3:09  Queen  
  33  3:15  Overlord  
  33  3:20  Drone  
  33  3:24  Extractor  
  33  3:25  Extractor  
  32  3:28  Evolution Chamber  
  32  3:32  Roach Warren  
  30  3:35  Drone  
  30  3:37  Drone  
  30  3:39  Drone  
  33  3:41  Drone  
  33  3:44  Drone  
  33  3:47  Drone  
  36  3:49  Drone  
  36  3:55  Overlord  
  37  3:57  Drone  
  38  4:04  Drone x2  
  40  4:18  Metabolic Boost  
  40  4:20  Overlord  
  40  4:23  Roach x2  
  44  4:43  Drone  
  45  4:46  Roach x5  
  45  4:51  Overlord  
  45  4:52  Queen  
  57  4:57  Overlord  
  57  4:59  Roach  
  59  5:02  Overlord  
  59  5:10  Roach x2  
  59  5:11  Roach  
  65  5:16  Zergling x6  
  68  5:22  Roach  
  68  5:25  Roach x2  
  74  5:29  Overlord  
  74  5:32  Zergling x8  
  78  5:38  Zergling x2  
  79  5:48  Zergling x4  
  81  5:54  Zergling x2  
  81  6:00  Evolution Chamber  
  81  6:02  Roach x2, Zergling x2  
  80  6:05  Baneling Nest  
  80  6:08  Spine Crawler  
  80  6:09  Roach, Zergling x2  
  81  6:13  Roach, Zergling x4  
  79  6:20  Roach, Zergling x2  
  77  6:30  Roach, Zergling x6  
  72  6:33  Roach  
  66  6:40  Zerg Ground Armor Level 1  
  66  6:44  Queen  
  63  6:56  Zergling x8  
  67  7:10  Hatchery  
  67  7:14  Zergling x8  
  70  7:20  Zergling x6  
  70  7:26  Zergling x2  
  70  7:27  Zergling x2  
  71  7:36  Ravager x4  
  75  7:38  Zergling x4  
  75  7:41  Zergling x6  
  80  7:50  Zergling x4  
  82  7:52  Ravager  
  82  7:54  Zergling x6  
  86  8:01  Roach, Zergling x2  
  86  8:02  Ravager  
  90  8:12  Zergling x8  
  91  8:17  Roach  
  79  8:23  Roach x2, Zergling x2  
  79  8:27  Zergling x4  
  79  8:29  Ravager  
  79  8:31  Zergling x2  
  79  8:33  Zergling x2  
  84  8:35  Zergling x2  
  84  8:38  Zergling x4  
  84  8:40  Zergling x2  
  88  8:43  Zergling x2  
  88  8:46  Zergling x2  
  90  8:52  Zergling x4  
  83  8:55  Zergling x4  
  83  8:58  Zergling x2  
  83  9:00  Zergling x2  
  76  9:04  Zergling x2  
  76  9:05  Zergling x2  
  65  9:10  Zergling x4  
  65  9:11  Zergling x2  
  65  9:15  Zergling x2  
  63  9:18  Zergling x4  
  63  9:23  Roach  
  65  9:25  Zergling x2  
  65  9:29  Drone  
  65  9:30  Drone  
  64  9:34  Drone  
  58  9:40  Roach x2  
  58  9:44  Roach  
  64  9:48  Roach  
  66  9:54  Roach x2  
  66  9:58  Ravager  
  66  9:59  Roach  
  73  10:01  Ravager x2  
Show
View Real Time Build Order
Export as new Build Order

Elazer Zerg - Winner!

Build Orders: Hatch First 

Get SALT Encoding   

  12  0:00  Drone  
  13  0:12  Overlord  
  13  0:16  Drone  
  14  0:30  Drone x2  
  16  0:48  Hatchery  
  15  0:50  Drone  
  15  0:54  Drone  
  17  1:09  Spawning Pool  
  16  1:11  Drone  
  16  1:14  Drone  
  16  1:16  Extractor  
  17  1:20  Drone  
  18  1:27  Drone  
  19  1:39  Drone  
  20  1:56  Zergling x2  
  20  1:57  Queen  
  20  2:00  Zergling x4  
  26  2:12  Zergling x4  
  26  2:23  Overlord  
  26  2:35  Metabolic Boost  
  25  2:40  Queen  
  25  2:42  Zergling x2  
  28  2:45  Zergling x2  
  27  3:09  Drone  
  27  3:10  Drone  
  29  3:18  Hatchery, Drone x2  
  30  3:25  Overlord  
  30  3:28  Hatchery, Drone  
  30  3:50  Drone x5  
  30  3:53  Drone  
  30  3:54  Evolution Chamber  
  35  4:04  Overlord  
  35  4:08  Queen  
  37  4:15  Zergling x2  
  38  4:25  Overlord  
  38  4:26  Zerg Ground Armor Level 1  
  38  4:29  Drone x2  
  40  4:41  Drone x3  
  40  4:44  Queen  
  45  4:48  Zergling x2  
  45  4:49  Zergling x2  
  47  4:59  Roach Warren, Zergling x6  
  49  5:04  Zergling x4  
  51  5:07  Zergling x4  
  53  5:16  Zergling x10  
  57  5:24  Overlord  
  57  5:29  Overlord  
  57  5:34  Overlord  
  57  5:42  Roach x5  
  67  5:47  Roach x2  
  71  5:52  Roach  
  72  5:57  Roach  
  72  5:58  Roach  
  76  6:05  Roach x3  
  76  6:08  Overlord  
  81  6:13  Roach x2  
  82  6:18  Roach x2  
  82  6:24  Roach, Zergling x2  
  81  6:31  Roach  
  74  6:34  Zergling x6  
  74  6:39  Zergling x4  
  71  6:45  Zergling x2  
  72  6:47  Extractor  
  72  6:52  Drone x2  
  73  6:55  Drone  
  73  6:58  Drone x2  
  75  7:05  Drone  
  75  7:07  Drone x3  
  79  7:09  Extractor, Drone  
  79  7:19  Overlord  
  79  7:22  Drone x2, Zerg Missile Weapons Level 1  
  79  7:25  Zergling x2  
  79  7:33  Zergling x6  
  82  7:39  Zergling x14  
  89  7:45  Zergling x10  
  89  7:49  Ravager x2  
  96  7:53  Overlord  
  96  7:56  Zergling x2  
  97  8:02  Zergling x2  
  92  8:14  Roach x6  
  92  8:18  Roach x4  
  86  8:23  Roach  
  86  8:26  Roach x2  
  78  8:34  Roach, Spine Crawler  
  77  8:36  Roach x2, Zergling x4  
  77  8:37  Zergling x2  
  83  8:42  Roach  
  85  8:49  Roach x2  
  85  8:56  Roach x3  
  85  8:58  Zergling x2  
  85  8:59  Zergling x4  
  85  9:06  Ravager, Zergling x6  
  81  9:11  Zergling x6  
  79  9:17  Zergling x6  
  79  9:21  Roach  
  76  9:26  Roach x2  
  77  9:34  Roach x4  
  82  9:38  Zergling x4  
  82  9:41  Ravager  
  82  9:43  Ravager  
  82  9:44  Zergling x2  
  82  9:45  Zergling x2  
  86  9:48  Zergling x2  
  86  9:52  Zergling x6  
  90  9:54  Ravager  
  90  9:58  Zergling x6  
Tags
 
Add a new tag
Caveats
  • Supply blocks, unpowered buildings, or Contaminate may cause inaccurate times.
  • Supply counts are checked every 10 seconds.